 Dungeon Crawl Stone Soup version 0.17.1-1-g73c8601 (webtiles) character file.

784 DeXoteric the Martial Artist (level 7, 0/52 HPs)
             Began as a Demonspawn Monk on Dec 23, 2015.
             Succumbed to a wasp's poison
             ... on level 5 of the Dungeon.
             The game lasted 00:11:52 (4433 turns).

DeXoteric the Martial Artist (Demonspawn Monk)      Turns: 4433, Time: 00:11:52

Health: 0/52       AC: 10    Str: 13    XL:     7   Next: 55%
Magic:  7/7        EV:  5    Int: 11    God:
Gold:   216        SH:  7    Dex: 16    Spells: 0 memorised, 6 levels left

rFire  . . .     SeeInvis +       - Unarmed
rCold  + . .     Clarity  .     y - +0 chain mail
rNeg   . . .     SustAt   .     B - +0 shield
rPois  .         Gourm    .     (no helmet)
rElec  .         Spirit   .     (no cloak)
rCorr  .         Warding  .     t - +0 pair of gloves
rMut   .         Stasis   .     j - +0 pair of boots
MR     .....                    (no amulet)
Stlth  ..........               (no ring)
                                e - ring of see invisible

@: lethally poisoned (0 -> -25), flying, slowed, very slow, not resistant to
hostile enchantments, extremely unstealthy
A: repulsion field 1, cold resistance 1, nightstalker 1
a: no special abilities


You were on level 5 of the Dungeon.
You were not hungry.

You visited 2 branches of the dungeon, and saw 6 of its levels.

You collected 216 gold pieces.

Inventory:

Missiles
 r - 16 tomahawks (quivered)
Armour
 a - a +0 robe
 g - a +0 leather armour
 j - a +0 pair of boots (worn)
 l - a +0 scale mail
 t - a +0 pair of gloves (worn)
 y - a +0 chain mail (worn)
 B - a +0 shield (worn)
Jewellery
 e - a ring of see invisible (left hand)
 o - an uncursed amulet of faith
Wands
 u - a wand of cold (0)
 D - a wand of fire (0)
 E - a wand of magic darts (20)
Scrolls
 c - 2 scrolls of random uselessness {unknown}
 d - a scroll of fear {unknown}
 f - 2 scrolls of amnesia {unknown}
 h - 2 scrolls of magic mapping {unknown}
 n - 3 scrolls of identify {unknown}
 p - a scroll of noise {unknown}
 s - a scroll of blinking {unknown}
 v - a scroll of remove curse {unknown}
 x - a scroll of fog {unknown}
 A - 3 scrolls of immolation {unknown}
 C - a scroll of enchant armour {unknown}
 F - a scroll of teleportation {unknown}
Potions
 i - a potion of mutation {unknown}
 m - a potion of cure mutation {unknown}
 q - a potion of flight
 z - a potion of might {unknown}
Comestibles
 b - 3 bread rations
 k - a meat ration
 w - a royal jelly


   Skills:
 + Level 3.3 Fighting
 - Level 2.6 Dodging
 - Level 1.7 Stealth
 + Level 1.0 Shields
 * Level 8.4 Unarmed Combat


You had 6 spell levels left.
You didn't know any spells.

Dungeon Overview and Level Annotations

Branches:
Dungeon (5/15)             Temple (1/1) D:4

Altars:
Cheibriados
Elyvilon
Fedhas
Kikubaaqudgha
Okawaru
Qazlal
Ru
Sif Muna
Trog
Xom
Zin
The Shining One

Shops:
D:5 =


Innate Abilities, Weirdness & Mutations

You are surrounded by a mild repulsion field (EV +2).
Your flesh is cold resistant.
You are slightly more attuned to the shadows.


Message History

The bolt of fire hits the wasp.
Evoking this partially-identified wand wasted a few charges.
You feel sick. The wasp stings you but does no damage. The wasp stings you.
* * * LOW HITPOINT WARNING * * *
You are lethally poisoned!
You suddenly lose the ability to move!
The wasp stings you.
* * * LOW HITPOINT WARNING * * *
You feel as though you will be slow longer.
* * * LOW HITPOINT WARNING * * *
You feel sick. The wasp stings you!
* * * LOW HITPOINT WARNING * * *
You are more poisoned.
You feel as though you will be slow longer.
You can move again.
You take 20 damage, and have 2/52 hp.
MASSIVE DAMAGE!!
Drink which item? (? for menu, Esc to quit)
It was a potion of flight.
You feel very buoyant.
You fly up into the air.
You die...

#.......##
...#.#######.......
#......##
#...#.##....###.....
######...#.##....# #.....
..........#.##....# #.#'##
..........#.##....# #.#.#
..........#.##....###.#.##
..........#..+..).'...##..
........y.#'##....#...##..
........#6.......##.<.''..
........#........##...##..
#########........##...##..
#........##...##..
###########...####
#...#### ####...##..
#.......... ###########


You could see a wasp.

Vanquished Creatures
  2 ice beasts
  A centaur (D:5)
  A phantom (D:4)
  A scorpion (D:4)
  A giant frog zombie (D:5)
  The ghost of antares the Magician, a weakling DEWz (D:3)
  A hound (D:4)
  3 orc priests
  A centaur zombie (D:5)
  Jessica (D:3)
  2 worker ants
  Natasha (twice) (D:3)
  2 adders
  3 worms
  3 adder skeletons
  5 giant geckos
  4 orcs (D:4)
  7 bats
  5 goblins
  2 hobgoblins
  2 jackals (D:2)
  2 quokkas
  A ball python skeleton (D:5)
  2 giant cockroaches
  4 giant newts
  3 kobolds
  3 rats
65 creatures vanquished.

Notes
Turn   | Place    | Note
--------------------------------------------------------------
     0 | D:1      | DeXoteric the Demonspawn Monk began the quest for the Orb.
     0 | D:1      | Reached XP level 1. HP: 18/18 MP: 1/1
   158 | D:1      | Reached skill level 4 in Unarmed Combat
   279 | D:1      | Gained mutation: You are surrounded by a mild repulsion field (EV +2). [demonic ancestry]
   279 | D:1      | Reached XP level 2. HP: 20/24 MP: 2/2
   895 | D:2      | Found a sacrificial altar of Ru.
  1273 | D:2      | Reached XP level 3. HP: 25/29 MP: 3/3
  1486 | D:2      | Found a glowing golden altar of the Shining One.
  1759 | D:3      | Noticed Natasha
  1770 | D:3      | Killed Natasha
  1770 | D:3      | Reached skill level 5 in Unarmed Combat
  1804 | D:3      | Noticed antares's ghost (weakling DEWz)
  1809 | D:3      | Killed antares's ghost
  1809 | D:3      | Reached XP level 4. HP: 33/35 MP: 4/4
  1863 | D:3      | Noticed Natasha
  1875 | D:3      | Killed Natasha
  1884 | D:3      | Noticed Jessica
  1885 | D:3      | Killed Jessica
  1924 | D:3      | Found an iron altar of Okawaru.
  1983 | D:3      | Reached XP level 5. HP: 41/41 MP: 5/5
  2329 | D:4      | Reached skill level 6 in Unarmed Combat
  2369 | D:4      | Noticed a phantom
  2407 | D:4      | Killed a phantom
  2486 | D:4      | Noticed an ice beast
  2610 | D:4      | Gained mutation: You are slightly more attuned to the shadows. [demonic ancestry]
  2610 | D:4      | Reached XP level 6. HP: 36/47 MP: 6/6
  2691 | D:4      | Found a staircase to the Ecumenical Temple.
  2860 | Temple   | Entered the Ecumenical Temple
  3148 | D:4      | Reached skill level 7 in Unarmed Combat
  3346 | D:4      | Killed an ice beast
  3377 | D:4      | Found an ancient bone altar of Kikubaaqudgha.
  3641 | D:5      | Entered Level 5 of the Dungeon
  3649 | D:5      | Gained mutation: Your flesh is cold resistant. [demonic ancestry]
  3649 | D:5      | Reached XP level 7. HP: 40/52 MP: 7/7
  3828 | D:5      | Reached skill level 8 in Unarmed Combat
  4327 | D:5      | Found Edghostoawk's Jewellery Shoppe.
  4374 | D:5      | Reached skill level 1 in Shields
  4431 | D:5      | Paralysed by a wasp for 2 turns
  4432 | D:5      | HP: 2/52 [wasp (7)]
  4433 | D:5      | Succumbed to a wasp's poison

Action                   |  1- 3 |  4- 6 |  7- 9 || total
-------------------------+-------+-------+-------++-------
Melee: Unarmed           |   110 |   135 |    60 ||   305
Throw: Tomahawk          |     1 |       |       ||     1
Evoke: Wand              |     1 |     6 |     3 ||    10
  Use: Potion            |       |       |     1 ||     1
 Stab: Sleeping          |     3 |       |       ||     3
  Eat: Chunk             |     2 |     7 |     2 ||    11
